 Dungeon Crawl Stone Soup version 0.29-a0-919-gd064cfad1c (webtiles) character file.

Game seed: 13190577417923332785

98 frimble the Magician (level 4, 0/30 HPs)
             Began as a Demonspawn Hedge Wizard on July 27, 2022.
             Slain by Natasha (7 damage)
             ... on level 3 of the Dungeon.
             The game lasted 00:03:17 (2209 turns).

frimble the Magician (Demonspawn Hedge Wizard)      Turns: 2209, Time: 00:03:18

Health: 0/30       AC:  2    Str: 10    XL:     4   Next: 44%
Magic:  8/8        EV: 12    Int: 18    God:
Gold:   113        SH:  0    Dex: 12    Spells: 6/9 levels left

rFire   . . .      SeeInvis .   j - +0 dagger (elec)
rCold   . . .      Faith    .   (no shield)
rNeg    . . .      Spirit   .   b - +0 robe
rPois   .          Reflect  .   c - +0 hat
rElec   .          Harm     .   (no cloak)
rCorr   .          Rampage  .   (no gloves)
Will    .....                   (no boots)
Stlth   ++........              (no amulet)
HPRegen 0.10/turn               (no ring)
MPRegen 0.11/turn               (no ring)

@: slowed, very slow
A: demonic guardian 1, foul stench 1, weakness stinger 1
a: no special abilities


You were on level 3 of the Dungeon.
You visited 1 branch of the dungeon, and saw 3 of its levels.

You collected 113 gold pieces.

Inventory:

Hand Weapons
 a - a +0 dagger
 i - a +1 dagger of venom
 j - a +0 dagger of electrocution (weapon)
Missiles
 l - 3 poisoned darts
Armour
 b - a +0 robe (worn)
 c - a +0 hat (worn)
Jewellery
 m - a +4 ring of evasion
 n - a ring of flight
Scrolls
 f - 2 scrolls of teleportation
 h - a scroll of magic mapping
Potions
 d - a potion of magic
 e - a potion of might {unknown}
 g - 4 potions of heal wounds
 k - a potion of berserk rage
 o - 2 potions of curing {unknown}
 p - a potion of attraction {unknown}
 q - a potion of mutation {unknown}


   Skills:
 + Level 2.4 Short Blades
 - Level 1.7 Dodging
 + Level 1.8 Stealth
 - Level 3.0 Spellcasting
 - Level 3.0 Conjurations
 - Level 1.0 Summonings
 + Level 1.1 Translocations


You had 6 spell levels left.
You knew the following spells:

 Your Spells              Type           Power      Damage    Failure   Level
a - Magic Dart            Conj           52%        1d5       4%          1
b - Blink                 Tloc           12%        N/A       16%         2

Your spell library contained the following spells:

 Spells                   Type           Power      Damage    Failure   Level
 Slow                     Hex            8%         N/A       16%         1
 Call Imp                 Summ           6%         N/A       16%         2
 Conjure Flame            Conj/Fire      8%         6-21      26%         3
 Mephitic Cloud           Conj/Pois/Air  6%         N/A       32%         3


Dungeon Overview and Level Annotations

Branches:
Dungeon (3/15)

Altars:

Annotations:
D:3 Natasha


Innate Abilities, Weirdness & Mutations

A weak demonic guardian rushes to your aid.
You may rarely emit foul miasma when damaged in melee.
You have a small tail.


Message History

You see here a +0 club.
You see here a hobgoblin corpse.
Natasha and a hobgoblin come into view.
There are monsters nearby!
There are monsters nearby!
Natasha hisses angrily.
The hobgoblin shouts!
Natasha casts a spell at you. You resist with some effort.
Natasha claws you but does no damage.
You closely miss Natasha. Natasha claws you but does no damage.
The hobgoblin hits you.
You emit a cloud of foul miasma!
You closely miss Natasha.
The hobgoblin is engulfed in dark miasma.
The hobgoblin is poisoned.
You kill the hobgoblin!
Natasha mumbles some strange words.
You completely miss Natasha.
Your tail-slap misses Natasha.
Natasha closely misses you.
You hit Natasha but do no damage. The shadow imp hits you.
You hit Natasha.
Natasha is lightly wounded.
Natasha closely misses you. The shadow imp barely misses you.
You barely miss Natasha.
Your tail-slap misses Natasha.
Natasha is lightly wounded.
Natasha stares at you and mumbles some strange words.
You feel yourself slow down. The shadow imp hits you.
You are too injured to fight recklessly!
You are too injured to fight recklessly!
You are too injured to fight recklessly!
You hit Natasha but do no damage.
Natasha is lightly wounded.
Natasha claws you!
You emit a cloud of foul miasma!
The shadow imp barely misses you.
You closely miss Natasha.
Natasha is lightly wounded.
Natasha is engulfed in dark miasma.
Natasha is poisoned.
Natasha claws you!
* * * LOW HITPOINT WARNING * * *
The shadow imp barely misses you.
Natasha is engulfed in dark miasma.
Natasha looks even sicker.
Natasha claws you!
You die...

.# #########.#
.........# #.......#
#.......# #.......#
#.......# #...h@..##
⌠. #...5....# ...#
####.###.####.###.
... #........ ..
#### #........ #.
######........##.###
#............. #....
#.#####......###...#
#.# #...........#.#


You could see Natasha (very poisoned) and a shadow imp (summoned).

Vanquished Creatures
  Jessica (D:2)
  A gnoll (D:1)
  2 adders (D:2)
  A worm (D:2)
  A dart slug (D:3)
  4 ball pythons
  4 endoplasms
  2 giant cockroaches (D:2)
  3 goblins (D:3)
  2 hobgoblins (D:3)
  3 jackals (D:3)
  2 kobolds (D:2)
  3 bats
  4 frilled lizards
  7 rats
40 creatures vanquished.

Vanquished Creatures (collateral kills)
  A hobgoblin (D:2)
1 creature vanquished.

Grand Total: 41 creatures vanquished

Notes
Turn   | Place    | Note
-------+----------+-------------------------------------------
     0 | D:1      | frimble the Demonspawn Hedge Wizard began the quest for the
                  | Orb.
     0 | D:1      | Reached XP level 1. HP: 13/13 MP: 4/4
   433 | D:2      | Noticed Jessica
   455 | D:2      | Killed Jessica
   456 | D:2      | Reached skill level 1 in Short Blades
   456 | D:2      | Gained mutation: A weak demonic guardian rushes to your
                  | aid. [demonic ancestry]
   456 | D:2      | Reached XP level 2. HP: 19/19 MP: 1/6
   456 | D:2      | Discovered your monstrous ancestry.
   456 | D:2      | Gained mutation: You have a small tail. [demonic ancestry]
   456 | D:2      | Reached XP level 3. HP: 24/24 MP: 1/7
  1339 | D:1      | You fall into a shaft and drop 1 floor!
  1380 | D:1      | Gained mutation: You may rarely emit foul miasma when
                  | damaged in melee. [demonic ancestry]
  1380 | D:1      | Reached XP level 4. HP: 29/30 MP: 5/8
  1795 | D:3      | Learned a level 2 spell: Blink
  1874 | D:3      | Reached skill level 1 in Translocations
  2198 | D:3      | Noticed Natasha
  2209 | D:3      | Slain by Natasha

Illustrated notes

Levels and vault maps discovered:
D:1:      scummos_arrival_star, layout_basic, serial_park_tiny_pond
D:2:      layout_loops_ring, uniq_jessica
D:3:      layout_basic, shapermc_ecumenical_altar_venn, uniq_natasha

Skill      XL: |  1  2  3  4 |
---------------+-------------+-----
Short Blades   | 1 2 |  2.4
Conjurations   | 2 3 |  3.0
Translocations | 1 |  1.1
Dodging        | |  1.7
Stealth        | |  1.8
Spellcasting   | |  3.0
Summonings     | |  1.0

Action                   |  1- 3 |  4- 6 || total
-------------------------+-------+-------++-------
Melee: Dagger            |    71 |    51 ||   122
       Tailslap          |     2 |     2 ||     4
 Cast: Magic Dart        |    13 |       ||    13
  Use: Potion            |     3 |       ||     3
       Scroll            |       |     6 ||     6
 Stab: Sleeping          |     5 |     1 ||     6
Armor: Skin              |    11 |       ||    11
       Robe              |     4 |     5 ||     9
Dodge: Dodged            |    22 |    35 ||    57

Table legend: (Time is in decaauts)
 A = Elapsed time spent in this place.
 B = Non-inter-level travel time spent in this place.
 C = Inter-level travel time spent in this place.
 D = Time resting spent in this place.
 E = Time spent auto-exploring this place.
 F = Levels seen in this place.
 G = Mean time per level.
                   A        B        C        D        E       F      G
               +--------+--------+--------+--------+--------+-----+--------+
         Total |   2197 |   2123 |     74 |      0 |   1705 |   3 |  732.3 |
       Dungeon |   2197 |   2123 |     74 |      0 |   1705 |   3 |  732.3 |
               +--------+--------+--------+--------+--------+-----+--------+

Top non-repeatable levels by time:
     D:2: 1062 daAuts
     D:1: 721 daAuts
     D:3: 413 daAuts
